 Dungeon Crawl Stone Soup version 0.32-a0-560-g4c7f4391e0 (console) character file.

Game seed: 94692024331331946

11732 petzl the Fighter (level 12, 0/92 HPs)
             Began as a Formicid Delver on Feb 29, 2024.
             Was a High Priest of Vehumet.
             Slain by a centaur warrior simulacrum (23 damage)
             ... on level 12 of the Dungeon.
             The game lasted 00:59:10 (14053 turns).

petzl the Fighter (Formicid Delver)                Turns: 14053, Time: 00:59:10

Health: 0/92       AC:  9    Str: 18    XL:     12   Next: 11%
Magic:  21/21      EV: 14    Int: 16    God:    Vehumet [*****.]
Gold:   436        SH:  0    Dex: 15    Spells: 16/24 levels left

rFire   . . .        a - +7 war axe {flame, Int+2, !f =f}
rCold   . . .        (no shield)
rNeg    . . .        C - +0 steam dragon scales
rPois   .            (helmet unavailable)
rElec   .            h - +0 cloak
rCorr   .            K - +0 pair of gloves
SInv    +            r - +0 pair of boots {Stlth+}
Will    +....        j - amulet of the acrobat
Stlth   ++++         i - +4 ring of slaying
HPRegen 0.35/turn    m - +4 ring of slaying
MPRegen 0.17/turn

%: acrobat
@: no status effects
A: permanent stasis, dig shafts and tunnels, antennae 3, four strong arms
a: Dig, Shaft Self, Renounce Religion


You were on level 12 of the Dungeon.
You worshipped Vehumet.
Vehumet was extremely pleased with you.
You visited 1 branch of the dungeon, and saw 12 of its levels.
You also visited: Bailey.

You collected 677 gold pieces.
You spent 241 gold pieces at shops.

Inventory:

Hand Weapons
 a - the +7 war axe "Tomyrph" (weapon) {flame, Int+2, !f =f}
   (You found it on level 7 of the Dungeon)

   Int+2:     It affects your intelligence (+2).
 b - a +3 shortbow of flaming
 l - a +4 hand axe {!f =f}
 p - a +1 trident of protection
 A - a +0 sling
Missiles
 o - 2 throwing nets (quivered)
 t - 13 poisoned darts
 B - 5 curare-tipped darts
Armour
 e - a +0 leather armour
 h - a +0 cloak (worn)
 r - a +0 pair of boots of stealth (worn)
 y - the +3 ring mail of the Vaults {rF+ Will- Int+3 Stlth+}
   (You found it on level 5 of the Dungeon)

   Int+3:     It affects your intelligence (+3).
   rF+:       It protects you from fire.
   Will-:     It decreases your willpower.
   Stlth+:    It makes you more stealthy.
 C - +0 steam dragon scales (worn)
 J - a +0 troll leather armour
 K - a +0 pair of gloves (worn)
Jewellery
 i - a +4 ring of slaying (left hand)
 j - an amulet of the acrobat (around neck)
 m - a +4 ring of slaying (right hand)
Wands
 f - a wand of digging (1)
 s - a wand of polymorph (25)
 E - a wand of flame (7)
 F - a wand of warping (2)
 G - a wand of paralysis (5)
Scrolls
 d - 2 scrolls of revelation
 n - 3 scrolls of vulnerability
 q - a scroll of silence
 u - a scroll of fear
 v - a scroll of immolation
 I - a scroll of identify
Potions
 g - 2 potions of heal wounds
 k - 3 potions of curing {unknown}
 w - a potion of berserk rage {unknown}
 x - a potion of haste {unknown}
 z - 4 potions of brilliance
 D - a potion of enlightenment {unknown}
 L - a potion of cancellation {unknown}


   Skills:
 + Level 8.1 Fighting
 - Level 4.7(5.0) Axes
 - Level 2.0(3.6) Maces & Flails
 - Level 5.0 Ranged Weapons
 - Level 3.0 Armour
 + Level 4.6 Dodging
 - Level 6.0 Stealth
 + Level 6.6 Spellcasting
 * Level 7.3 Conjurations
 - Level 5.0 Translocations
 - Level 4.0 Fire Magic
 + Level 5.1 Air Magic
 - Level 5.0 Alchemy


You had 16 spell levels left.
You knew the following spells:

 Your Spells              Type           Power      Damage    Failure   Level
a - Sting                 Conj/Alch      100%       1d9       1%          1
b - Shock                 Conj/Air       100%       1d9       1%          1
c - Scorch                Fire           36%        2d6       1%          2
d - Iskenderun's Mystic   Conj/Tloc      25%        2d7       2%          4

Your spell library contained the following spells:

 Spells                   Type           Power      Damage    Failure   Level
 Arcjolt                  Conj/Air       12%        1d22      7%          5
 Manifold Assault         Tloc           21%        N/A       17%         4
 Anguish                  Hex/Necr       2%         N/A       78%         4
 Cause Fear               Hex            2%         N/A       78%         4
 Dispersal                Tloc           10%        N/A       95%         6
 Enfeeble                 Hex            2%         N/A       100%        7
 Disjunction              Tloc           10%        N/A       100%        8


Dungeon Overview and Level Annotations

Branches:
Dungeon (13/15)            Temple (0/1) D:6          Bailey (visited)
   Lair: D:8-11         Orc: D:9-12      Vaults: D:13-14

Altars:
Dithmenos
Nemelex Xobeh
Uskayaw
Vehumet
Wu Jian
Yredelemnul
Zin
The Shining One

Shops:
D:2 [   D:4 :   D:8 *

Annotations:
D:5 exclusion: downstairs
D:6 Maggie
D:8 exclusion: downstairs


Innate Abilities, Weirdness & Mutations

You cannot be hasted, slowed, berserked, paralysed or teleported.
You can dig through walls and to a lower floor.
You have a pair of large antennae on your head. (SInv)
Your four strong arms can wield two-handed weapons with a shield.


Message History

Unknown command.
You open the door.
There is an open door here.
Found a hand axe.
You see here a +0 hand axe {!f =f}.
Found a stone staircase leading up.
A manticore comes into view.
Found a stone staircase leading up.
The manticore flicks its tail.
The volley of spikes misses you.
There is a stone staircase leading up here.
You climb upwards.
Found 21 gold pieces.
Found a stone staircase leading down.
There is a stone staircase leading down here.
The centaur warrior simulacrum completely misses you.
The centaur warrior simulacrum misses you.
The centaur warrior simulacrum attacks as it pursues you!
The centaur warrior simulacrum hits you but does no damage.
The centaur warrior simulacrum completely misses you. x2
The centaur warrior simulacrum misses you.
The centaur warrior simulacrum attacks as it pursues you!
The centaur warrior simulacrum completely misses you.
The centaur warrior simulacrum barely misses you.
Your +3 shortbow of flaming stops flaming.
You feel clever.
The +7 war axe "Tomyrph" {flame, Int+2, !f =f} bursts into flame!
a - the +7 war axe "Tomyrph" (weapon)
{flame, Int+2, !f =f} The centaur warrior simulacrum hits you but does no damage.
The centaur warrior simulacrum kicks you but does no damage.
You slash the centaur warrior simulacrum!
You melt the centaur warrior simulacrum.
The centaur warrior simulacrum is heavily damaged.
The centaur warrior simulacrum hits you!
The centaur warrior simulacrum freezes you!!
The centaur warrior simulacrum kicks you but does no damage.
Are you sure you want to shaft yourself?
The centaur warrior simulacrum hits you!
* * * LOW HITPOINT WARNING * * *
The centaur warrior simulacrum freezes you!!
You die...

#...#### ....
###......##....
......$........
# #............#
..#............#
#.............#
#............#
#.>......#
##....>.##
##.9...##
#.......#
#..Z....#
#..@....#
##.....##
##...## #####


You could see a gargoyle and a centaur warrior simulacrum.

Vanquished Creatures
  2 two-headed ogres
  An orc knight (Bailey)
  A gargoyle (D:10)
  An unseen horror (D:13)
  2 trolls (D:10)
  Grinder (D:3)
  3 hornets (D:10)
  3 slime creatures (D:7)
  9 yaks
  2 shadows (D:10)
  2 steam dragons
  An acid dragon (D:10)
  12 orc warriors
  2 water moccasins
  A sky beast (D:7)
  A black bear (D:8)
  2 ogres (D:5)
  6 centaurs
  A phantom (D:6)
  7 kobold brigands
  Blork the orc (D:3)
  3 bullfrogs
  3 gnoll sergeants
  A scorpion (D:6)
  7 wights
  18 killer bees
  6 howler monkeys
  4 electric eels (Bailey)
  A bombardier beetle (D:4)
  7 jellies
  4 hounds
  7 orc priests
  A sleepcap (D:6)
  6 orc wizards
  9 adders
  15 gnolls
  A shadow imp (D:7)
  2 white imps
  2 ufetubi
  4 dart slugs
  2 ribbon worms
  31 orcs
  10 endoplasms
  3 giant cockroaches
  18 goblins
  17 hobgoblins
  18 kobolds
  3 quokkas
  4 ball pythons
  5 bats
  6 frilled lizards
  8 rats
287 creatures vanquished.

Notes
Turn   | Place    | Note
-------+----------+-------------------------------------------
     0 | D:5      | petzl the Formicid Delver began the quest for the Orb.
     0 | D:5      | Reached XP level 1. HP: 18/18 MP: 1/1
    20 | D:3      | Noticed Grinder
    20 | D:3      | Noticed an orc priest
    32 | D:4      | Noticed Blork the orc
    98 | D:4      | Reached skill level 1 in Spellcasting
   146 | D:4      | Reached XP level 2. HP: 19/24 MP: 2/4
   197 | D:4      | Found a radiant altar of Vehumet.
   204 | D:4      | Became a worshipper of Vehumet
   448 | D:2      | Found Sestrank's Antique Armour Shoppe.
   512 | D:1      | Reached XP level 3. HP: 29/29 MP: 5/5
   575 | D:1      | Reached skill level 1 in Ranged Weapons
   661 | D:1      | Reached * piety under Vehumet
   661 | D:1      | Offered knowledge of Shock by Vehumet.
   664 | D:1      | Learned a level 1 spell: Shock
   788 | D:1      | Reached XP level 4. HP: 37/37 MP: 7/7
  1420 | D:3      | Found a glowing silver altar of Zin.
  1545 | D:3      | Reached XP level 5. HP: 20/42 MP: 8/8
  1548 | D:3      | Reached ** piety under Vehumet
  1548 | D:3      | Offered knowledge of Sting by Vehumet.
  1589 | D:3      | Reached skill level 4 in Fighting
  1589 | D:3      | Reached skill level 1 in Conjurations
  1591 | D:3      | Learned a level 1 spell: Sting
  1811 | D:3      | Reached skill level 1 in Alchemy
  1814 | D:3      | Reached skill level 1 in Air Magic
  1838 | D:3      | Reached XP level 6. HP: 45/48 MP: 10/10
  1898 | D:3      | Killed Grinder
  1899 | D:3      | Reached XP level 7. HP: 30/55 MP: 11/11
  2231 | D:3      | Found a shadowy altar of Dithmenos.
  2380 | D:2      | Bought a pair of glowing boots for 172 gold pieces
  2494 | D:3      | Killed Blork the orc
  2976 | D:4      | Found Jiett's Book Shop.
  3242 | D:4      | Offered knowledge of Scorch by Vehumet.
  3253 | D:4      | Learned a level 2 spell: Scorch
  3378 | D:5      | Reached XP level 8. HP: 61/61 MP: 13/13
  3485 | D:5      | Found a hide-covered altar of Uskayaw.
  3536 | D:5      | Identified the +3 ring mail of the Vaults {rF+ Will- Int+3
                  | Stlth+}
  3551 | D:5      | Reached *** piety under Vehumet
  3581 | D:5      | Reached skill level 5 in Fighting
  3768 | D:5      | Found a sparkling altar of Nemelex Xobeh.
  4028 | D:5      | Reached skill level 5 in Alchemy
  4154 | D:6      | Noticed Maggie
  4215 | D:6      | Found a staircase to the Ecumenical Temple.
  4470 | D:6      | Found an ornate altar of the Wu Jian Council.
  4584 | D:6      | You fall into a shaft and drop 1 floor!
  4806 | D:7      | Found a flagged portal.
  4831 | Bailey   | Entered a bailey
  5042 | Bailey   | Reached skill level 1 in Fire Magic
  5207 | Bailey   | Reached XP level 9. HP: 40/68 MP: 15/15
  5307 | Bailey   | Offered knowledge of Volatile Blastmotes by Vehumet.
  5601 | Bailey   | Noticed an orc knight
  5613 | Bailey   | Killed an orc knight
  5614 | Bailey   | Reached skill level 6 in Fighting
  5614 | Bailey   | Reached skill level 5 in Conjurations
  5877 | Bailey   | Acquired a +2 shortbow of flaming
  5940 | Bailey   | Reached skill level 5 in Spellcasting
  6783 | Bailey   | Reached skill level 1 in Armour
  6896 | Bailey   | Found an iron altar of Okawaru.
  6896 | Bailey   | Noticed an orc high priest
  6896 | Bailey   | Noticed an orc high priest
  6908 | Bailey   | Noticed a sun demon
  6909 | Bailey   | Noticed a rust devil
  6909 | Bailey   | Noticed a hellwing
  6924 | D:7      | Identified the +7 war axe "Tomyrph" {flame, Int+2}
  6946 | D:7      | Reached XP level 10. HP: 38/77 MP: 17/17
  7222 | D:7      | Reached skill level 1 in Axes
  7229 | D:7      | Reached **** piety under Vehumet
  7322 | D:7      | Offered knowledge of Iskenderun's Mystic Blast by Vehumet.
  7332 | D:7      | Learned a level 4 spell: Iskenderun's Mystic Blast
  7723 | D:7      | Reached skill level 1 in Translocations
  8528 | D:6      | Reached skill level 7 in Fighting
  9304 | D:9      | HP: 3/79 [poisoned by a killer bee]
 10241 | D:8      | Found Soufer's Assorted Antiques.
 10247 | D:8      | Bought a scroll of identify for 46 gold pieces
 10247 | D:8      | Bought a scroll labelled GAMEQU WOUSIMY for 23 gold pieces
 10532 | D:9      | Reached XP level 11. HP: 84/84 MP: 19/19
 10550 | D:10     | Entered Level 10 of the Dungeon
 10693 | D:9      | Noticed a two-headed ogre
 11000 | D:9      | Killed a two-headed ogre
 11001 | D:9      | Reached skill level 5 in Ranged Weapons
 11016 | D:9      | Reached ***** piety under Vehumet
 11016 | D:9      | Offered knowledge of Arcjolt by Vehumet.
 11503 | D:9      | Found a glowing golden altar of the Shining One.
 12015 | D:9      | Found a basalt altar of Yredelemnul.
 12017 | D:9      | Noticed a profane servitor
 13071 | D:10     | Noticed a two-headed ogre
 13085 | D:10     | Killed a two-headed ogre
 13268 | D:10     | Reached skill level 5 in Air Magic
 13555 | D:10     | Reached skill level 8 in Fighting
 13588 | D:10     | Reached XP level 12. HP: 86/92 MP: 21/21
 13796 | D:10     | Noticed a centaur warrior
 13797 | D:10     | Noticed a four-headed hydra
 13805 | D:10     | You fall into a shaft and drop 3 floors!
 13995 | D:13     | Reached skill level 5 in Translocations
 14053 | D:12     | Slain by a centaur warrior simulacrum

Illustrated notes

Levels and vault maps discovered:
D:1:      lightli_arrival_maybe_door_vault, layout_rooms,
          nicolae_concentric_dashed_squares_mild
D:2:      layout_basic, serial_shops, shop, grunt_ministairs_11,
          wander_ebering_terrifying_dragon_lair
D:3:      layout_loops_ring, nicolae_dithmenos_through_a_glass_darkly,
          zin_academy, uniq_grinder
D:4:      layout_gridville, old_standard_altar, serial_shops, shop,
          uniq_blork_the_orc
D:5:      layout_cave_pools, nemelex_dance_club_becter,
          nicolae_uskayaw_suspiria, hangedman_abyss_or_decor_passed,
          kennysheep_generic_room_2
D:6:      layout_gridville, nzn_wu_jian_contemplation,
          minmay_temple_entry_junction, uniq_maggie
D:7:      cheibrodos_fertilizer, layout_loops_ring, enter_ossuary_1,
          enter_bailey_6
D:8:      layout_basic, serial_glass, glass_columns_c, glass_columns_b,
          glass_columns_c, serial_shops, shop
D:9:      layout_stronghold, grunt_temple_overflow_holy_war,
          hangedman_abyss_or_decor_jellyfish_corner
D:10:     minmay_the_grid_triangle_9x9_rhombus_full
          [minmay_the_grid_triangle_9x9_semitri,
          minmay_the_grid_triangle_9x9_dagger,
          minmay_the_grid_triangle_9x9_skeleton,
          minmay_the_grid_triangle_9x9_steps,
          minmay_the_grid_triangle_9x9_negative_grid,
          minmay_the_grid_triangle_9x9_zippers_horizontal,
          minmay_the_grid_triangle_9x9_pentomino_pain,
          minmay_the_grid_triangle_9x9_prize_center], layout_irregular_city
D:12:     minmay_goldmine, layout_rooms, uniq_maurice, uniq_sonja
D:13:     layout_roguey, grunt_vaults_entry_tiered, portal_ice_cave_entry_imps,
          uniq_rupert

Skill      XL: |  1  2  3  4  5  6  7  8  9 10 11 12 |
---------------+-------------------------------------+-----
Spellcasting   | 1 2 3 4 5 6 |  6.6
Ranged Weapons | 1 2 3 4 5 |  5.0
Fighting       | 4 5 6 7 8 |  8.1
Conjurations   | 1 2 3 4 5 7 |  7.3
Alchemy        | 1 2 4 5 |  5.0
Air Magic      | 1 2 3 4 5 |  5.1
Fire Magic     | 1 3 4 |  4.0
Dodging        | 2 3 4 |  4.6
Armour         | 1 3 |  3.0
Axes           | 3 4 |  4.7
Translocations | 2 4 5 |  5.0
Maces & Flails | |  2.0
Stealth        | |  6.0

Action                     |  1- 3 |  4- 6 |  7- 9 | 10-12 || total
---------------------------+-------+-------+-------+-------++-------
  Melee: Mace              |    25 |    25 |    55 |       ||   105
         Hand axe          |       |       |    25 |       ||    25
         War axe           |       |       |     1 |   132 ||   133
   Fire: Sling             |    57 |    62 |   109 |       ||   228
         Orcbow            |       |       |    31 |       ||    31
         Shortbow          |       |       |    32 |   240 ||   272
  Throw: Dart              |       |       |       |     2 ||     2
   Cast: Sting             |       |       |    14 |    45 ||    59
         Shock             |       |       |       |     1 ||     1
         Iskenderun's Myst |       |       |       |     4 ||     4
Ability: Dig               |     3 |       |       |     2 ||     5
         Shaft Self        |       |       |     2 |     2 ||     4
  Evoke: Wand              |       |       |     7 |     2 ||     9
    Use: Scroll            |     1 |     4 |     8 |     6 ||    19
         Potion            |       |       |     4 |     2 ||     6
   Stab: Sleeping          |     2 |       |       |     2 ||     4
         Paralysed         |       |       |     5 |       ||     5
 Armour: Leather armour    |    39 |    29 |   133 |    31 ||   232
         Skin              |       |       |     1 |       ||     1
         Steam dragon scal |       |       |       |   168 ||   168
  Dodge: Dodged            |    27 |    17 |   133 |   221 ||   398

Table legend: (Time is in decaauts)
 A = Elapsed time spent in this place.
 B = Non-inter-level travel time spent in this place.
 C = Inter-level travel time spent in this place.
 D = Time resting spent in this place.
 E = Time spent auto-exploring this place.
 F = Levels seen in this place.
 G = Mean time per level.
                   A        B        C        D        E       F      G
               +--------+--------+--------+--------+--------+-----+--------+
         Total |  14258 |  13515 |    743 |   4789 |   4812 |  13 | 1096.8 |
       Dungeon |  12119 |  11376 |    743 |   3458 |   4765 |  12 | 1009.9 |
        Bailey |   2139 |   2139 |      0 |   1331 |     47 |   1 | 2139.0 |
               +--------+--------+--------+--------+--------+-----+--------+

Top non-repeatable levels by time:
     D:9: 2203 daAuts
  Bailey: 2139 daAuts
     D:7: 2111 daAuts
    D:10: 1583 daAuts
     D:3: 1145 daAuts
     D:5: 981 daAuts
     D:8: 920 daAuts
     D:4: 841 daAuts
     D:2: 821 daAuts
     D:6: 798 daAuts
     D:1: 464 daAuts
    D:13: 240 daAuts
    D:12: 7 daAuts
